 Dungeon Crawl Stone Soup version 0.21.0-3-g78d12a8 (webtiles) character file.

631401 Wehk the Maledictor (level 27, -21/222 HPs)
             Began as a Vampire Enchanter on Jan 11, 2018.
             Was the Champion of Dithmenos.
             Killed from afar by Sojobo (57 damage)
             ... with a bolt of lightning
             ... on level 5 of the Depths on Jan 14, 2018.
             The game lasted 10:04:49 (80673 turns).

Wehk the Maledictor (Vampire Enchanter)            Turns: 80673, Time: 10:04:50

Health: -21/222    AC: 19    Str:  8    XL:     27
Magic:  28/45      EV: 26    Int: 36    God:    Dithmenos [******]
Gold:   2358       SH: 10    Dex: 24    Spells: 6/62 levels left

rFire    + + +     SeeInvis +   w - +9 quick blade (freeze)
rCold    + + +     Gourm    .   e - +3 buckler {rC+}
rNeg     + + +     Faith    .   h - +0 acid dragon scales
rPois    ∞         Spirit   .   (helmet restricted)
rElec    .         Reflect  .   E - +2 cloak {rPois}
rCorr    +         Harm     .   n - +2 pair of gloves {Dex+3}
MR       +++++     Clarity  +   J - +2 pair of boots
Stlth    ++++++++++             T - amulet of the Four Winds {rN+ MR+++ Clar}
HPRegen  0.00/turn              Q - ring "Rizaic" {rF+++ rC+++ Str-4 Int+6 Dex-4}
MPRegen  0.29/turn              d - ring of Bekkuesa {Str+4 Int+6 Dex+5 Stlth-}

@: darkness, bloodless, non-regenerating, wreathed by umbra
A: fangs 3, horns 1, see invisible, agile 1, magic resistance 1, weak 1,
unbreathing, evolution 1, no potion heal 1, MP-powered wands
}: 3/15 runes: decaying, serpentine, silver
a: Bat Form, Shadow Step, Shadow Form, Renounce Religion


You were on level 5 of the Depths.
You worshipped Dithmenos.
Dithmenos was exalted by your worship.
You were bloodless.

You visited 11 branches of the dungeon, and saw 55 of its levels.
You visited 1 bazaar.
You also visited: Labyrinth, Trove, Bailey, Wizlab and Desolation.

You collected 7255 gold pieces.
You spent 4897 gold pieces at shops.

Inventory:

Hand Weapons
 w - a +9 quick blade of freezing (weapon)
Missiles
 t - a throwing net
 D - 10 javelins (quivered)
Armour
 c - the +0 helmet of Orthodoxy {Regen+ Int-2 Dex+2}
   (You acquired it on level 2 of the Orcish Mines)

   It affects your intelligence (-2).
   It affects your dexterity (+2).
   It increases your rate of regeneration.
 e - a +3 buckler of cold resistance (worn)
 h - +0 acid dragon scales (worn)
 n - a +2 pair of gloves of dexterity (worn)
 x - quicksilver dragon scales
 E - a +2 cloak of poison resistance (worn)
 J - a +2 pair of boots (worn)
Jewellery
 d - the ring of Bekkuesa (right hand) {Str+4 Int+6 Dex+5 Stlth-}
   (You found it in the Desolation of Salt)

   [ring of dexterity]

   It affects your strength (+4).
   It affects your intelligence (+6).
   It affects your dexterity (+5).
   It makes you less stealthy.
 Q - the ring "Rizaic" (left hand) {rF+++ rC+++ Str-4 Int+6 Dex-4}
   (You took it off a vault sentinel on level 2 of the Vaults)

   [ring of intelligence]

   It affects your strength (-4).
   It affects your intelligence (+6).
   It affects your dexterity (-4).
   It renders you almost immune to fire.
   It renders you almost immune to cold.
 T - the amulet of the Four Winds (around neck) {rN+ MR+++ Clar}
   (You found it on level 4 of the Depths)

   [amulet of nothing]

   It protects you from negative energy.
   It affects your resistance to hostile enchantments.
   It protects you against confusion.
Wands
 s - a wand of disintegration (8)
 F - a wand of iceblast (11)
 L - a wand of digging (39)
 R - a wand of scattershot (5)
 X - a wand of enslavement (38)
Scrolls
 i - a scroll of identify
 j - 5 scrolls of blinking
 r - 7 scrolls of enchant weapon
 v - 5 scrolls of teleportation
 y - a scroll of amnesia
 G - 8 scrolls of fear
 H - 20 scrolls of remove curse
 N - 3 scrolls of enchant armour
 P - 2 scrolls of fog
 S - a scroll of summoning
 Y - 3 scrolls of silence
 Z - 3 scrolls of brand weapon
Potions
 a - 4 potions of ambrosia
 f - 5 potions of berserk rage
 g - 4 potions of haste
 k - 2 potions of magic
 l - 18 potions of curing
 o - 10 potions of lignification
 u - a potion of flight
 z - 3 potions of cancellation
 A - a potion of agility
 C - a potion of brilliance
 K - a potion of might
 O - 2 potions of resistance
 V - 9 potions of mutation
Books
 q - a Necronomicon

   Spells                             Type                      Level
   a - Haunt                          Necromancy/Summoning         7
   b - Borgnjor's Revivification      Necromancy                   8
   c - Death's Door                   Charms/Necromancy            8
   d - Infestation                    Necromancy                   8
   e - Necromutation                  Transmutation/Necromancy     8
Miscellaneous
 b - 4 boxes of beasts
 p - a sack of spiders
 M - 4 phantom mirrors


   Skills:
 + Level 19.2 Fighting
 - Level 15.0 Short Blades
 - Level 4.1 Throwing
 - Level 11.0 Armour
 - Level 17.0 Dodging
 - Level 16.0 Stealth
 - Level 6.2 Shields
 - Level 18.0 Spellcasting
 - Level 3.1 Conjurations
 - Level 24.0 Hexes
 - Level 13.0 Summonings
 - Level 19.1 Necromancy
 - Level 2.0 Ice Magic
 - Level 10.0 Invocations
 - Level 5.0 Evocations


You had 6 spell levels left.
You knew the following spells:

 Your Spells              Type           Power        Failure   Level  Hunger
a - Ensorcelled Hibernat  Hex/Ice        ######       0%          2    None
c - Confuse               Hex            ########     0%          3    None
d - Tukima's Dance        Hex            ########     0%          3    None
e - Dazzling Spray        Conj/Hex       ######       1%          3    None
h - Haunt                 Necr/Summ      #######...   1%          7    ##.....
i - Invisibility          Hex            ########     1%          6    None
r - Regeneration          Chrm/Necr      #######...   1%          3    None
s - Shadow Creatures      Summ           N/A          1%          6    None
v - Summon Mana Viper     Hex/Summ       ########     1%          5    None
A - Animate Dead          Necr           N/A          0%          4    None
D - Darkness              Hex            ########..   1%          6    None
L - Discord               Hex            ########..   1%          8    #####..


Dungeon Overview and Level Annotations

Branches:
Dungeon (15/15)            Temple (1/1) D:6            Lair (6/6) D:10
  Swamp (4/4) Lair:4        Snake (4/4) Lair:3        Slime (5/5) Lair:5
    Orc (2/2) D:9             Elf (3/3) Orc:2        Vaults (5/5) D:13
  Crypt (0/3) Vaults:2     Depths (5/5) D:15            Zot (5/5) Depths:5

Altars:
Cheibriados
Dithmenos
Elyvilon
Fedhas
Makhleb
Nemelex Xobeh
Okawaru
Ru
Sif Muna
Uskayaw
Xom
Zin
The Shining One
Jiyva

Shops:
Orc:2 ***(   Snake:1 =   Depths:5 **%[!

Portals:
Hell: Depths:1 Depths:2 Depths:3 Depths:4
Abyss: Depths:1 Depths:2 Depths:4
Pandemonium: Depths:3
Ziggurat: Depths:4

Annotations:
D:2 exclusion: downstairs
D:3 exclusion: 2 downstairs
D:8 exclusion: downstairs
D:9 exclusions: downstairs and 7 more exclusions, kegs's ghost, journeyman HOFi
Lair:4 exclusion: downstairs
Lair:5 exclusion: downstairs
Swamp:1 exclusions: downstairs and 4 more exclusions
Swamp:2 exclusion: 2 downstairs
Swamp:3 exclusions: downstairs and 2 more exclusions, Mara
Snake:3 exclusion: downstairs
Slime:2 exclusion: 2 upstairs
Slime:5 exclusion: upstairs, Royal Jelly
Elf:1 exclusion: orange crystal statue
Elf:2 1 exclusion
Vaults:1 2 exclusions
Vaults:2 3 exclusions
Depths:5 Boris; Sojobo
Zot:4 exclusion: downstairs


Innate Abilities, Weirdness & Mutations

You do not heal naturally.
You are immune to poison.
You have razor-sharp teeth.
You have supernaturally acute eyesight. (SInv)
You can survive without breathing.
You have a pair of small horns on your head.
You are agile. (Dex +2)
You are resistant to hostile enchantments. (MR+)
You are weak. (Str -2)
You evolve.
Potions are less effective at restoring your health.
You expend magic power (3 MP) to strengthen your wands.


Message History

Your spriggan air mage hits Sojobo.
Your air elemental completely misses Sojobo.
Send 'em back where they came from!
Your phantasmal warrior disappears in a puff of smoke!
Your spriggan air mage dissolves into shadows!
Your air elemental dissolves into shadows! x2
You start resting.
Casting: Shadow Creatures
Confirm with . or Enter, or press ? or * to list all spells.
Aiming: Haunt
Press: ? - help, Dir - move target cursor, f/p - Sojobo
Aim: Sojobo, wielding a great sword of electrocution and wearing a shiny scale mail (heavily wounded, deflecting missiles, hasn't noticed you, umbra) Insubstantial figures form in the air.
Sojobo shouts!
Sojobo gestures at you while chanting. The bolt of lightning hits you!
* * * LOW HITPOINT WARNING * * *
Sojobo points at you and mumbles some strange words.
The bolt of lightning hits you!
You die...

..)(.(..)# #....# ..(.(....#
#....# ...((###.# #....#
.........## #....# ..........####
#....# .....(..#....# #....#
........#....# #....#
........#..WW#####....#########
...[............@.....'.......#
##[######...WQ####....###.#######
........#...W.....##### #.# #....
......).#.....W...# #.# #.###
.#......#......W..# #.# #.#
...#'#..#####Q##### #.###.###
..##.##..## #W# #.......#
.##...##..###W# #####.#)#
##(.∩..##..##.# ##.#.#


You could see Sojobo, a friendly shadow wraith (invisible), a friendly phantom
and a friendly wraith.

Vanquished Creatures
  5 ancient liches (Zot:5)
  An orb of fire (Zot:5)
  Saint Roka (Snake:2)
  Bai Suzhen (Swamp:3)
  Frederick (Depths:3)
  3 Killer Klowns
  Nikola (Swamp:1)
  Jory (Depths:3)
  A golden dragon (shapeshifter) (Vaults:5)
  8 golden dragons
  Jorgrun (Swamp:2)
  8 tentacled monstrosities
  5 Orb Guardians (Zot:5)
  3 deep elf blademasters
  3 quicksilver dragons
  5 liches
  4 titans (Vaults:5)
  6 acid blobs
  10 death cobs
  4 sphinxes
  Agnes (Snake:1)
  Roxanne (Swamp:2)
  3 tengu reavers
  The ghost of p0werm0de the Champion of Chaos, an adept DDFi of Makhleb (Snake:4)
  A revenant (Vaults:2)
  6 shadow dragons
  8 draconian monks
  16 storm dragons
  10 nagarajas
  The ghost of Amaterasu the Brawler, an adept DrMo of Hepliaklqana (Snake:3)
  3 azure jellies
  8 fire giants
  Louise (Swamp:3)
  2 imperial myrmidons (Desolation)
  An iron dragon (Vaults:5)
  7 frost giants
  4 draconian scorchers
  5 vault wardens
  4 deep elf sorcerers (Elf:3)
  Aizul (Snake:2)
  2 angels (Vaults:2)
  4 deep elf elementalists
  2 draconian stormcallers
  5 draconian shifters
  An orc warlord (Orc:2)
  8 war gargoyles
  7 draconian annihilators
  14 ironheart preservers
  14 very ugly things
  14 green draconians
  21 stone giants
  8 red draconians
  3 entropy weavers
  A deep elf demonologist (Elf:2)
  A dire elephant (shapeshifter) (Depths:4)
  3 vampire knights
  10 black draconians
  3 deep elf annihilators (Elf:3)
  2 halazid warlocks (Desolation)
  8 yellow draconians
  10 white draconians
  5 spark wasps (Depths:3)
  Azrael (Orc:2)
  A spark wasp (shapeshifter) (Depths:4)
  11 purple draconians
  11 ettins
  An eidolon (Vaults:2)
  2 orange crystal statues
  2 blizzard demons (Depths:4)
  9 deep elf death magi
  A minotaur (Lab)
  6 crystal guardians
  A green death (Depths:3)
  A death ooze (Slime:1)
  6 fire dragons
  2 jiangshi (Depths:3)
  15 ice dragons
  12 yaktaur captains
  Josephine (Lair:5)
  7 ragged hierophants (Desolation)
  A fire dragon (shapeshifter) (Vaults:5)
  5 deep elf high priests
  11 great orbs of eyes
  12 naga warriors
  12 ogre magi
  4 vault guards
  4 rakshasas
  21 hydras
  6 peacekeepers (Desolation)
  A spriggan air mage (Depths:5)
  13 anacondas
  A catoblepas (shapeshifter) (Depths:4)
  6 servants of whispers (Desolation)
  5 ghost crabs
  A satyr (shapeshifter) (Depths:4)
  11 centaur warriors
  31 two-headed ogres
  10 death yaks
  2 vampire magi
  A two-headed ogre (shapeshifter) (D:15)
  37 dancing weapons
  3 alligators
  2 death knights
  7 deep troll shamans
  2 tengu warriors (D:15)
  11 deep troll earth magi
  An anaconda (shapeshifter) (Depths:4)
  9 spriggans
  A sun demon (Depths:5)
  2 shock serpents (shapeshifter)
  5 shock serpents
  Sonja (D:14)
  10 naga sharpshooters
  A soul eater (Depths:3)
  4 skeletal warriors (D:14)
  28 deep elf knights
  2 shadow wraiths
  A hell knight (Depths:3)
  A sea snake (shapeshifter) (Depths:4)
  6 spriggan druids
  An unseen horror (shapeshifter) (Vaults:2)
  A sixfirhy (Depths:3)
  A flayed ghost (Depths:5)
  5 salamander mystics
  6 sea snakes (Snake:2)
  A storm dragon skeleton (Vaults:3)
  2 naga ritualists
  An unseen horror (Vaults:1)
  6 glowing orange brains
  13 swamp dragons
  20 deep trolls
  7 lindwurms
  6 wizards
  66 deep elf magi
  2 shambling mangroves (Swamp:3)
  3 obsidian statues
  20 deep elf archers
  2 harpies (shapeshifter)
  5 harpies
  14 ironbrand convokers
  4 phantasmal warriors
  11 orc knights
  4 necromancers
  11 mana vipers
  A shining eye (shapeshifter) (Depths:4)
  3 orc sorcerers
  4 wolf spiders
  3 cyclopes
  5 shining eyes
  2 salamanders (shapeshifter)
  26 ugly things
  22 moths of wrath
  A moth of wrath (shapeshifter) (D:15)
  A cyclops (shapeshifter) (Depths:4)
  A frost giant skeleton (Vaults:5)
  2 manticores (D:15)
  2 centaur zombies
  3 salamanders
  A rust devil (Depths:3)
  10 elephants
  13 vault sentinels
  A black mamba (shapeshifter) (Vaults:5)
  16 guardian serpents
  34 black mambas
  22 naga magi
  40 spiny frogs
  An eye of devastation (shapeshifter) (Depths:4)
  2 eyes of devastation
  5 molten gargoyles
  3 centaur skeletons
  4 gargoyles
  A smoke demon (Depths:3)
  41 yaktaurs
  An efreet (D:14)
  A komodo dragon (shapeshifter) (D:15)
  2 rime drakes (shapeshifter)
  6 freezing wraiths
  4 kobold demonologists
  13 komodo dragons
  2 tengu conjurers (D:15)
  3 human skeletons (Vaults:4)
  5 large abominations (Elf:1)
  4 wind drakes (Depths:4)
  A jumping spider (shapeshifter) (Vaults:2)
  A red devil (Zot:3)
  8 tyrant leeches
  A merfolk (shapeshifter) (Vaults:1)
  A yaktaur skeleton (Vaults:4)
  5 trolls
  4 bog bodies
  A blink frog (shapeshifter) (Vaults:2)
  71 slime creatures
  15 hornets
  53 saltlings (Desolation)
  A dream sheep (shapeshifter) (Vaults:2)
  22 blink frogs
  9 hippogriffs
  A snapping turtle (shapeshifter) (Vaults:3)
  A centaur simulacrum (D:14)
  8 air elementals
  A redback (Vaults:5)
  9 wraiths
  A wyvern (D:7)
  A yak (shapeshifter) (Vaults:2)
  A vampire (D:12)
  2 tarantellas (shapeshifter)
  7 water elementals
  2 shadows
  14 fire elementals
  26 yaks
  An ettin skeleton (Vaults:4)
  5 basilisks
  4 golden eyes
  A human (shapeshifter) (Depths:2)
  16 vampire mosquitoes
  6 hungry ghosts
  A steam dragon (shapeshifter) (Depths:4)
  9 wargs
  A human simulacrum (Vaults:5)
  39 nagas
  2 soldier ants
  4 acid dragons
  14 swamp worms
  7 insubstantial wisps
  13 water moccasins
  4 hell hounds (Orc:2)
  7 porcupines
  46 orc warriors
  12 swamp drakes
  4 ice beasts
  2 sky beasts
  3 black bears
  2 phantoms
  A black bear (shapeshifter) (D:15)
  10 wolves
  24 ogres
  17 boggarts
  5 eyes of draining
  32 centaurs
  3 necrophages
  13 crocodiles
  An elf zombie (Elf:1)
  2 big kobolds
  A wyvern zombie (D:7)
  18 bullfrogs
  2 gnoll sergeants
  6 earth elementals
  A wyvern skeleton (D:9)
  3 scorpions
  14 killer bees
  7 wights
  3 howler monkeys
  9 electric eels
  2 bullfrog zombies
  6 crimson imps
  8 hounds
  5 lava snakes (Lair:4)
  A quasit (D:6)
  2 gnoll shamans
  11 jellies
  20 orc priests
  2 iron imps (Depths:3)
  22 orc wizards
  A bullfrog skeleton (D:13)
  8 iguanas
  Ijyb (D:3)
  10 worker ants
  7 hell rats
  A killer bee zombie (D:5)
  2 hound skeletons
  A worker ant zombie (D:7)
  6 adders
  10 gnolls
  3 shadow imps
  2 white imps
  An ooze (D:3)
  An adder zombie (D:9)
  2 adder skeletons (D:8)
  A worm (D:4)
  4 ball lightnings (Depths:4)
  A dart slug (D:1)
  4 leopard geckos
  78 orcs
  4 ball pythons
  8 bats
  4 giant cockroaches
  17 goblins
  12 hobgoblins
  12 jackals
  8 quokkas
  A quokka (shapeshifter) (Depths:4)
  2 bats (shapeshifter)
  4 frilled lizards
  A giant cockroach zombie (D:5)
  13 kobolds
  A leopard gecko skeleton (D:6)
  A quokka skeleton (D:6)
  8 rats
2168 creatures vanquished.

Vanquished Creatures (collateral kills)
  An orb of fire (Zot:5)
  3 ancient liches (Zot:5)
  A juggernaut (Depths:3)
  A caustic shrike (Depths:3)
  A curse toe (Zot:3)
  An electric golem (Zot:5)
  2 tentacled monstrosities (Vaults:5)
  4 Orb Guardians (Zot:5)
  A titan (Depths:4)
  A death cob (Zot:1)
  A tengu reaver (Vaults:5)
  3 sphinxes
  4 shadow dragons
  3 storm dragons (Zot:5)
  A draconian monk (Zot:3)
  A fire giant (Depths:3)
  2 frost giants (Depths:3)
  2 deep elf sorcerers (Elf:3)
  3 vault wardens
  A draconian scorcher (Zot:5)
  2 deep elf elementalists (Elf:3)
  2 ironheart preservers
  A draconian stormcaller (Zot:3)
  5 very ugly things
  2 draconian annihilators (Zot:1)
  2 vampire knights (Depths:3)
  A purple draconian (Zot:1)
  A black draconian (Zot:4)
  2 deep elf demonologists
  A deep elf annihilator (Elf:3)
  A halazid warlock (Desolation)
  A spark wasp (Depths:3)
  A red draconian (Zot:4)
  A yellow draconian (Zot:4)
  4 ettins (Vaults:5)
  2 crystal guardians (Depths:4)
  2 deep elf death magi
  A death ooze (Slime:2)
  5 yaktaur captains
  18 vault guards
  An ice dragon (Depths:5)
  A rakshasa (Depths:1)
  21 two-headed ogres
  4 dancing weapons
  6 ogre magi
  4 naga sharpshooters
  3 deep troll shamans
  2 deep elf knights
  A glowing orange brain (Depths:3)
  A sea snake (Snake:2)
  2 deep elf archers (Vaults:4)
  4 ironbrand convokers
  11 deep trolls
  3 phantasmal warriors
  A flayed ghost (Depths:5)
  3 orc knights
  4 deep elf magi
  2 necromancers
  An orc sorcerer (Orc:2)
  9 slime creatures
  3 shining eyes
  A salamander (Snake:2)
  A moth of wrath (Zot:4)
  2 ugly things
  A vault sentinel (Vaults:5)
  A fire giant skeleton (Vaults:5)
  A naga mage (Snake:4)
  6 yaktaurs
  A komodo dragon (shapeshifter) (Depths:4)
  A freezing wraith (Vaults:5)
  A wind drake (Depths:4)
  3 blink frogs (Lair:5)
  3 saltlings (Desolation)
  An air elemental (Depths:5)
  A tarantella (Vaults:5)
  2 redbacks (Vaults:5)
  A large abomination (Elf:1)
  Grum (D:10)
  A golden eye (Slime:1)
  5 water elementals (Depths:4)
  A vampire mosquito (Lair:6)
  A neqoxec (Zot:3)
  A warg (Vaults:5)
  2 insubstantial wisps (Depths:4)
  Edmund (D:5)
  9 nagas
  A hell hound (Orc:2)
  12 orc warriors
  16 ogres
  A boggart (Vaults:1)
  An elf zombie (Elf:1)
  A big kobold (D:12)
  A bullfrog (Lair:6)
  3 earth elementals (Depths:4)
  A scorpion (shapeshifter) (Depths:4)
  8 wights
  An electric eel (Snake:2)
  A crimson imp (Depths:3)
  6 jellies (Slime:1)
  5 orc priests
  A hound (D:10)
  3 orc wizards
  12 gnolls
  A shadow imp (Depths:3)
  23 orcs
  2 goblins (Bailey)
  3 hobgoblins (Bailey)
331 creatures vanquished.

Vanquished Creatures (others)
  An ancient lich (Vaults:5)
  2 Orb Guardians (Zot:5)
  A fire giant (shapeshifter) (Depths:4)
  A war gargoyle (Depths:4)
  A draconian stormcaller (Zot:1)
  2 very ugly things
  An ettin (Vaults:5)
  A deep elf annihilator (Elf:3)
  A yaktaur captain (Depths:2)
  4 vault guards (Vaults:5)
  A rakshasa (Vaults:3)
  A centaur warrior (Depths:2)
  A hydra (Swamp:3)
  An ogre mage (Depths:1)
  A two-headed ogre (Depths:1)
  A deep troll earth mage (Depths:2)
  A deep elf knight (Elf:2)
  An orc knight (Orc:2)
  2 ugly things
  A deep elf mage (Elf:3)
  A vault sentinel (Vaults:5)
  4 spiny frogs
  2 yaktaurs
  A jumping spider (Vaults:5)
  20 dancing weapons
  A vampire mosquito (Swamp:3)
  A big kobold (shapeshifter) (Depths:4)
  4 ball lightnings (Depths:4)
  2 orcs (Orc:2)
  8 bushes (Lair:6)
  25 fungi
  44 plants
139 creatures vanquished.

Grand Total: 2638 creatures vanquished

Notes
Turn   | Place    | Note
-------+----------+-------------------------------------------
     0 | D:1      | Wehk the Vampire Enchanter began the quest for the Orb.
     0 | D:1      | Reached XP level 1. HP: 13/13 MP: 3/3
   277 | D:1      | Reached XP level 2. HP: 19/19 MP: 5/5
   281 | D:1      | Learned a level 2 spell: Ensorcelled Hibernation
   377 | D:1      | Reached skill level 5 in Hexes
  1041 | D:1      | Reached XP level 3. HP: 24/24 MP: 3/7
  1597 | D:2      | Found a sacrificial altar of Ru.
  2193 | D:3      | Found a snail-covered altar of Cheibriados.
  2380 | D:3      | Noticed a scorpion
  2394 | D:3      | Killed a scorpion
  2394 | D:3      | Reached XP level 4. HP: 24/30 MP: 1/10
  2575 | D:3      | Noticed Ijyb
  2584 | D:3      | Killed Ijyb
  2584 | D:3      | Reached skill level 1 in Ice Magic
  2584 | D:3      | Reached XP level 5. HP: 18/35 MP: 0/11
  2884 | D:3      | Reached skill level 5 in Stealth
  3324 | D:3      | Learned a level 3 spell: Tukima's Dance
  3328 | D:3      | Learned a level 3 spell: Confuse
  3407 | D:4      | Reached skill level 6 in Hexes
  3577 | D:4      | Reached skill level 7 in Hexes
  3577 | D:4      | Reached XP level 6. HP: 18/41 MP: 0/12
  4176 | D:4      | Reached skill level 1 in Fighting
  4402 | D:4      | Found a white marble altar of Elyvilon.
  4711 | D:5      | Entered Level 5 of the Dungeon
  4730 | D:5      | Got an encrusted chain mail
  4746 | D:5      | Identified the +8 chain mail of the First Spirits {*Corrode rF+ MR+ Stlth+} (You found it on level 5 of the Dungeon)
  4787 | D:5      | Found a shadowy altar of Dithmenos.
  4792 | D:5      | Noticed an ice beast
  4799 | D:5      | Killed an ice beast
  4799 | D:5      | Reached XP level 7. HP: 51/51 MP: 13/13
  4803 | D:5      | Became a worshipper of Dithmenos the Shadowed
  5087 | D:5      | Got a serpentine bronze ring
  5158 | D:5      | Identified the ring "Jumunima" {rPois Int+6 Dex-4} (You found it on level 5 of the Dungeon)
  5719 | D:5      | Noticed an angel
  5720 | D:5      | Found a glowing silver altar of Zin.
  5802 | D:5      | Noticed Edmund
  5817 | D:5      | Killed Edmund
  6104 | D:6      | Reached skill level 8 in Hexes
  6177 | D:6      | Reached XP level 8. HP: 27/57 MP: 5/14
  6653 | D:6      | Learned a level 3 spell: Dazzling Spray
  6887 | D:6      | You fall through a shaft for 3 floors!
  6958 | D:9      | Reached * piety under Dithmenos
  7125 | D:9      | Reached skill level 5 in Spellcasting
  7201 | D:8      | Noticed a hippogriff
  7213 | D:8      | Killed a hippogriff
  7334 | D:8      | Noticed a two-headed ogre
  7349 | D:8      | Killed a two-headed ogre
  7349 | D:8      | Reached XP level 9. HP: 37/63 MP: 4/19
  7439 | D:8      | Found a sparkling altar of Nemelex Xobeh.
  7551 | D:8      | Reached skill level 9 in Hexes
  7658 | D:6      | Reached skill level 10 in Hexes
  8119 | D:6      | Found a staircase to the Ecumenical Temple.
  8126 | Temple   | Entered the Ecumenical Temple
  8285 | D:7      | Got a fine quarterstaff
  8318 | D:7      | Reached skill level 5 in Short Blades
  8343 | D:7      | Reached ** piety under Dithmenos
  8811 | D:7      | Reached skill level 5 in Fighting
  9094 | D:7      | Noticed an enchanted hand axe
  9095 | D:7      | Found a hide-covered altar of Uskayaw.
  9096 | D:7      | Noticed a hand axe
  9348 | D:7      | Reached XP level 10. HP: 70/74 MP: 17/20
  9653 | D:8      | Found a shimmering altar of Xom.
  9759 | D:8      | Reached skill level 5 in Dodging
 10362 | D:9      | Found a staircase to the Orcish Mines.
 10373 | D:9      | Reached skill level 10 in Stealth
 10642 | D:9      | Reached *** piety under Dithmenos
 10736 | D:9      | Reached skill level 1 in Throwing
 10736 | D:9      | Reached skill level 1 in Evocations
 10884 | D:9      | Noticed kegs's ghost (journeyman HOFi)
 11001 | D:9      | Found a deep blue altar of Sif Muna.
 11186 | D:9      | Noticed a two-headed ogre
 11200 | D:9      | Killed a two-headed ogre
 11704 | D:9      | Reached skill level 11 in Hexes
 11704 | D:9      | Reached XP level 11. HP: 81/81 MP: 21/21
 11774 | D:9      | Found an iron altar of Okawaru.
 11774 | D:9      | Found a burning altar of Makhleb.
 11822 | D:10     | Entered Level 10 of the Dungeon
 12139 | D:10     | Noticed Grum
 12144 | D:10     | Killed Grum
 12144 | D:10     | Reached **** piety under Dithmenos
 12484 | D:10     | Noticed a two-headed ogre
 12518 | D:10     | Killed a two-headed ogre
 12819 | D:10     | Noticed a two-headed ogre
 12826 | D:10     | Killed a two-headed ogre
 12958 | D:10     | Identified the +9 quarterstaff of Ikaciajo {crush, +Inv rElec Dex-2 Stlth+} (You found it on level 7 of the Dungeon)
 12998 | D:10     | Found a staircase to the Lair.
 13333 | D:11     | Found a flagged portal.
 13334 | D:11     | Found the +8 mithril axe "Arga" {speed, MR+}
 13343 | Bailey   | Entered a bailey
 13437 | Bailey   | Found an iron altar of Okawaru.
 13442 | Bailey   | Reached skill level 1 in Shields
 13686 | Bailey   | Noticed an orc knight
 13700 | Bailey   | Killed an orc knight
 13909 | Bailey   | Got a steaming trident
 13912 | Bailey   | Identified the +3 trident "Cinoisai" {pierce, rPois Str+3 Int+9} (You found it in a bailey)
 13955 | Bailey   | Got a brightly glowing leather armour
 13982 | Bailey   | Noticed an orc knight
 13997 | Bailey   | Killed an orc knight
 13997 | Bailey   | Reached ***** piety under Dithmenos
 14025 | Bailey   | Noticed an orc knight
 14030 | Bailey   | Killed an orc knight
 14085 | Bailey   | Identified the +1 leather armour of Resilience {MR+ rCorr Str-5} (You took it off a goblin in a bailey)
 14136 | D:11     | Noticed a six-headed hydra
 14192 | D:11     | Killed a six-headed hydra
 14192 | D:11     | Reached skill level 5 in Shields
 14192 | D:11     | Reached skill level 1 in Conjurations
 14533 | D:11     | Noticed a two-headed ogre
 14536 | D:11     | Killed a two-headed ogre
 14536 | D:11     | Reached XP level 12. HP: 91/91 MP: 22/22
 14834 | Lair:1   | Entered Level 1 of the Lair of Beasts
 15013 | Lair:1   | Noticed a six-headed hydra
 15023 | Lair:1   | Killed a six-headed hydra
 15023 | Lair:1   | Reached skill level 10 in Short Blades
 15625 | Lair:2   | You fall through a shaft for 2 floors!
 15708 | Lair:3   | Reached skill level 5 in Evocations
 15722 | Lair:3   | Found a staircase to the Snake Pit.
 17094 | Lair:3   | You fall through a shaft!
 17094 | Lair:4   | Noticed a four-headed hydra
 17098 | Lair:4   | Killed a four-headed hydra
 17143 | Lair:4   | Noticed a death yak
 17145 | Lair:4   | Noticed a death yak
 17146 | Lair:4   | Noticed a death yak
 17147 | Lair:4   | Noticed a death yak
 17149 | Lair:4   | Noticed a death yak
 17154 | Lair:4   | Noticed a death yak
 17170 | Lair:4   | Killed a death yak
 17170 | Lair:4   | Reached skill level 12 in Hexes
 17180 | Lair:4   | Killed a death yak
 17180 | Lair:4   | Reached XP level 13. HP: 92/96 MP: 25/25
 17196 | Lair:4   | Reached skill level 13 in Hexes
 17320 | Lair:4   | Reached skill level 1 in Invocations
 17807 | Lair:4   | Found a staircase to the Swamp.
 17976 | Lair:5   | Noticed Josephine
 17982 | Lair:5   | Killed Josephine
 17996 | Lair:5   | Reached skill level 14 in Hexes
 18525 | Lair:5   | Identified a scroll of acquirement
 18678 | Lair:5   | Reached skill level 15 in Hexes
 18969 | Lair:5   | Found a viscous altar of Jiyva.
 18969 | Lair:5   | Found a staircase to the Slime Pits.
 19240 | Lair:6   | Entered Level 6 of the Lair of Beasts
 19333 | Lair:6   | Reached ****** piety under Dithmenos
 19639 | Lair:6   | Found a labyrinth entrance.
 19647 | Lab      | Entered a labyrinth
 20677 | Lab      | Noticed a minotaur
 20684 | Lab      | Killed a minotaur
 20695 | Lab      | Got a flickering bone ring
 20695 | Lab      | Got a shimmering diamond amulet
 20700 | Lab      | Identified the amulet "Ofiamiah" {+Rage rN+ Dex+5} (You found it in a labyrinth)
 20705 | Lab      | Identified the ring of the Ladybird {rCorr rF++ MR- Str+2} (You found it in a labyrinth)
 20747 | Lair:6   | Reached XP level 14. HP: 82/108 MP: 6/26
 20778 | Lair:6   | Reached skill level 10 in Dodging
 20943 | Lair:6   | Got an ivory war axe
 21622 | Lair:6   | Identified the +4 war axe of Sharkskin {vamp, *Corrode +Inv rC+ rN+} (You found it on level 6 of the Lair of Beasts)
 21842 | Lair:6   | Reached skill level 10 in Fighting
 23346 | D:12     | Found a portal to a secret trove of treasure.
 23674 | Orc:1    | Entered Level 1 of the Orcish Mines
 23923 | Orc:2    | Entered Level 2 of the Orcish Mines
 23979 | Orc:1    | You fall through a shaft!
 24250 | Orc:2    | Found an iron altar of Okawaru.
 24891 | Orc:2    | Found a staircase to the Elven Halls.
 25115 | Orc:2    | Reached skill level 10 in Spellcasting
 25253 | Orc:2    | Noticed Azrael
 25375 | Orc:2    | Noticed an orc warlord
 25391 | Orc:2    | Killed an orc warlord
 25478 | Orc:2    | Found Roigrod's General Store.
 25478 | Orc:2    | Found Omeosop's Assorted Antiques.
 25480 | Orc:2    | Found Netapo's Assorted Antiques.
 25482 | Orc:2    | Found Hal Uxaz's Weapon Boutique.
 25489 | Orc:2    | Bought a scroll of identify for 66 gold pieces
 25489 | Orc:2    | Bought a scroll of identify for 66 gold pieces
 25489 | Orc:2    | Bought a scroll of identify for 66 gold pieces
 25490 | Orc:2    | Bought a potion of heal wounds for 65 gold pieces
 25500 | Orc:2    | Bought a scroll of acquirement for 1716 gold pieces
 25503 | Orc:2    | Got a bloodstained helmet
 25514 | Orc:2    | Identified the +0 helmet of Orthodoxy {Regen+ Int-2 Dex+2} (You acquired it on level 2 of the Orcish Mines)
 26309 | D:13     | Found a sacrificial altar of Ru.
 26340 | D:13     | Learned a level 6 spell: Invisibility
 26410 | D:13     | Found a gate to the Vaults.
 26675 | D:13     | Reached XP level 15. HP: 116/116 MP: 25/29
 27268 | D:13     | Reached skill level 16 in Hexes
 27677 | D:14     | Reached skill level 17 in Hexes
 28074 | D:14     | Noticed Sonja
 28171 | D:14     | Killed Sonja
 28404 | Swamp:1  | Entered Level 1 of the Swamp
 28426 | Swamp:1  | You fall through a shaft!
 28933 | Swamp:1  | Noticed Nikola
 29438 | Swamp:2  | Noticed Jorgrun
 29450 | Swamp:2  | Killed Jorgrun
 29786 | Swamp:2  | Noticed Roxanne
 29823 | Swamp:2  | Killed Roxanne
 29824 | Swamp:2  | Identified Roxanne's Handbook of Stones (You took it off Roxanne on level 2 of the Swamp)
 30168 | Swamp:3  | Noticed Bai Suzhen
 30739 | Swamp:3  | Noticed Louise
 30757 | Swamp:3  | Killed Louise
 30768 | Swamp:3  | Learned a level 5 spell: Metabolic Englaciation
 30899 | Swamp:3  | Killed Bai Suzhen
 30899 | Swamp:3  | Reached XP level 16. HP: 81/123 MP: 22/31
 31015 | Swamp:3  | Noticed Mara
 31243 | Swamp:4  | Entered Level 4 of the Swamp
 31581 | Swamp:4  | Reached skill level 1 in Armour
 32654 | Swamp:4  | Got a decaying rune of Zot
 32774 | Swamp:1  | Killed Nikola
 32926 | Snake:1  | Entered Level 1 of the Snake Pit
 33221 | Snake:1  | Found Xyigis's Jewellery Emporium.
 33519 | Snake:1  | Noticed Agnes
 33522 | Snake:1  | Killed Agnes
 33687 | Snake:2  | Noticed Aizul
 33692 | Snake:2  | Killed Aizul
 34088 | Snake:2  | Reached skill level 18 in Hexes
 34173 | Snake:2  | Reached XP level 17. HP: 64/134 MP: 8/33
 34515 | Snake:2  | Reached skill level 19 in Hexes
 34608 | Snake:2  | Noticed Saint Roka
 34633 | Snake:2  | Killed Saint Roka
 34976 | Snake:3  | Noticed Amaterasu's ghost (adept DrMo)
 35005 | Snake:3  | Killed Amaterasu's ghost
 35584 | Snake:3  | Got a crude falchion {freeze}
 35585 | Snake:3  | Identified the +2 falchion of Dakemoipn {freeze, rN+} (You took it off a naga mage on level 3 of the Snake Pit)
 35930 | Snake:4  | Entered Level 4 of the Snake Pit
 36931 | Snake:4  | Noticed p0werm0de's ghost (adept DDFi)
 36962 | Snake:4  | Killed p0werm0de's ghost
 37502 | Snake:4  | Reached XP level 18. HP: 139/141 MP: 21/36
 38068 | Snake:4  | Reached skill level 5 in Invocations
 38528 | Snake:4  | Got a serpentine rune of Zot
 38899 | D:15     | Entered Level 15 of the Dungeon
 39134 | D:15     | Got an iridescent lajatang
 39135 | D:15     | Identified the +9 lajatang of Fizoag {slice, rElec} (You found it on level 15 of the Dungeon)
 39698 | D:15     | Found a blossoming altar of Fedhas.
 39826 | D:15     | Found a staircase to the Depths.
 39845 | Depths:1 | Entered Level 1 of the Depths
 39984 | Vaults:1 | Entered Level 1 of the Vaults
 41284 | Vaults:1 | Reached skill level 10 in Invocations
 42042 | Vaults:2 | Found a ruined gateway.
 42043 | Vaults:2 | Found a white marble altar of Elyvilon.
 42043 | Vaults:2 | Found a glowing silver altar of Zin.
 42043 | Vaults:2 | Found a glowing golden altar of the Shining One.
 42056 | Desolati | Entered the Desolation of Salt
 42340 | Desolati | Reached XP level 19. HP: 143/150 MP: 34/37
 43159 | Desolati | Identified the Tome of the Birds
 43167 | Desolati | Got a steaming copper ring
 43171 | Desolati | Identified the ring of Bekkuesa {Str+4 Int+6 Dex+5 Stlth-} (You found it in the Desolation of Salt)
 43174 | Desolati | Identified the Guide on the Dislocated Glacier
 43179 | Desolati | Got a bloodstained hand axe
 43181 | Desolati | Identified the cursed +1 hand axe of Fortitude {flame, rElec rPois rC-} (You found it in the Desolation of Salt)
 43196 | Desolati | Got a transparent chain mail
 43197 | Desolati | Identified the +7 chain mail of Happiness {*Corrode +Fly Int+4} (You took it off a servant of whispers in the Desolation of Salt)
 43525 | Desolati | Got a pitted fustibalus
 43527 | Desolati | Got an ichor-stained great sword
 43560 | Desolati | Identified the cursed +0 fustibalus of Omuos {freeze, rElec MR+ Int-3 Dex+4} (You found it in the Desolation of Salt)
 43562 | Desolati | Identified the +2 great sword "Lifebane" {venom, *Contam Dex+5} (You found it in the Desolation of Salt)
 43569 | Desolati | Got a bloodstained great sword
 43570 | Desolati | Identified the +5 great sword of Guile {slice, Str+2} (You found it in the Desolation of Salt)
 43785 | Desolati | Reached skill level 20 in Hexes
 44125 | Desolati | Got an ivory falchion
 44133 | Desolati | Identified the +7 falchion "Xeniewno" {pain, Int-4 Dex+3 SInv} (You found it in the Desolation of Salt)
 44760 | Vaults:2 | Reached skill level 15 in Dodging
 45448 | Vaults:2 | Got a warped jade ring
 45477 | Vaults:2 | Learned a level 5 spell: Summon Mana Viper
 46142 | Vaults:2 | Found a staircase to the Crypt.
 46174 | Vaults:2 | Identified the ring "Rizaic" {rF+++ rC+++ Str-4 Int+6 Dex-4} (You took it off a vault sentinel on level 2 of the Vaults)
 46175 | Vaults:2 | Identified the +7 hand axe "Ciwunuss" {freeze, rF++ Int+2 SInv} (You found it on level 2 of the Vaults)
 46451 | Vaults:3 | Reached XP level 20. HP: 149/159 MP: 17/38
 47331 | Vaults:3 | Reached skill level 15 in Spellcasting
 47832 | Vaults:3 | Found a gateway to a bazaar.
 47939 | Bazaar   | Entered a bazaar
 47939 | Bazaar   | Found Raer's Antique Armour Shop.
 47952 | Bazaar   | Found Woczoatigi's Distillery.
 47981 | Bazaar   | Found Jazakhos's Antique Weapon Shop.
 48011 | Bazaar   | Bought a potion of curing for 27 gold pieces
 48011 | Bazaar   | Bought a potion of might for 36 gold pieces
 48011 | Bazaar   | Bought a potion of heal wounds for 45 gold pieces
 48011 | Bazaar   | Bought a potion of haste for 90 gold pieces
 48011 | Bazaar   | Bought a potion of curing for 27 gold pieces
 48011 | Bazaar   | Bought a potion of curing for 27 gold pieces
 48011 | Bazaar   | Bought a potion of curing for 27 gold pieces
 48035 | Bazaar   | Bought an embroidered cloak for 195 gold pieces
 48035 | Bazaar   | Bought an ichor-stained chain mail for 247 gold pieces
 48059 | Bazaar   | Identified the +5 chain mail of the Equinox {rElec rC+ MR+ SInv} (You bought it in a shop in a bazaar)
 48071 | Bazaar   | Bought a steaming chain mail for 247 gold pieces
 48071 | Bazaar   | Identified the +1 chain mail of Poiritat {-Cast rF+ rN+ Regen+} (You bought it in a shop in a bazaar)
 48675 | Vaults:4 | Reached skill level 5 in Armour
 49547 | Vaults:4 | Reached skill level 1 in Summonings
 51249 | Depths:1 | Reached XP level 21. HP: 165/165 MP: 39/41
 51359 | Depths:1 | Found a gateway to Hell.
 51465 | Depths:1 | Found a one-way gate to the infinite horrors of the Abyss.
 51891 | Depths:2 | Reached skill level 15 in Stealth
 52026 | Depths:2 | Found a magical portal.
 52050 | WizLab   | Entered Wucad Mu's Monastery
 52301 | WizLab   | Found the +9 staff of Wucad Mu {channel}
 52376 | WizLab   | Learned a level 8 spell: Discord
 52835 | Depths:2 | Identified Xont's Tome of the Mountains and Air
 53596 | Depths:3 | Reached skill level 21 in Hexes
 53621 | Depths:3 | Reached XP level 22. HP: 172/172 MP: 42/42
 53678 | Depths:3 | Noticed Jory
 54018 | Depths:3 | Found a runed door.
 54033 | Depths:3 | Reached skill level 22 in Hexes
 54058 | Depths:3 | Found a runed door.
 54282 | Depths:3 | Found a runed door.
 54282 | Depths:3 | Found a runed door.
 54282 | Depths:3 | Noticed a caustic shrike
 54282 | Depths:3 | Noticed a juggernaut
 54640 | D:12     | You paid a toll of +2 ice dragon scales to enter a treasure trove
 54641 | Trove    | Entered a treasure trove
 54654 | Trove    | Got a steaming plate armour
 54667 | Trove    | Identified the +0 plate armour of Dothuzu {Int+4} (You found it in a treasure trove)
 54670 | Trove    | Got a wavering copper ring
 54675 | Trove    | Identified the ring "Esishruw" {rPois Slay+1} (You found it in a treasure trove)
 54677 | Trove    | Got a heavily runed scale mail
 54688 | Trove    | Identified the +2 scale mail "Qubro" {rPois} (You found it in a treasure trove)
 54703 | Trove    | Got a pair of transparent gloves
 54714 | Trove    | Identified the +0 pair of gloves "Tekkoud" {+Fly Dex+4} (You found it in a treasure trove)
 54847 | Orc:2    | Killed Azrael
 54895 | Elf:1    | Entered Level 1 of the Elven Halls
 55018 | Elf:1    | Identified the Handbook of Dark Arts
 55889 | Elf:3    | Entered Level 3 of the Elven Halls
 55992 | Elf:2    | Got an ancient chain mail
 56004 | Elf:2    | Identified the +2 chain mail of Soafes {rF- rN+ Int+2 Dex+4} (You found it on level 2 of the Elven Halls)
 56064 | Elf:2    | Found a runed gate.
 56066 | Elf:2    | Found a runed gate.
 56069 | Elf:2    | Found a runed gate.
 56919 | Elf:2    | Reached skill level 23 in Hexes
 56950 | Elf:2    | Reached XP level 23. HP: 178/178 MP: 44/44
 57561 | Elf:3    | Reached skill level 24 in Hexes
 57693 | Elf:3    | Gained mutation: You expend magic power (3 MP) to strengthen your wands. [mutagenic glow]
 57875 | Elf:3    | Reached skill level 15 in Fighting
 57904 | Elf:3    | Gained mutation: Your spells are a little easier to cast, but a little less powerful. [mutagenic glow]
 58570 | Elf:3    | Got a pitted falchion {antimagic}
 58573 | Elf:3    | Identified the +10 falchion of Invincibility {antimagic, rElec rN+ Str-2} (You took it off a deep elf death mage on level 3 of the Elven Halls)
 58627 | Elf:3    | Got sapphire-encrusted fire dragon scales
 58652 | Elf:3    | Identified the +6 fire dragon scales "Vaazuh" {rF++ rC- MR- Dex+3 SInv} (You took it off a deep elf high priest on level 3 of the Elven Halls)
 58759 | Elf:3    | Got a smoking lead amulet
 59367 | Elf:3    | Got an encrusted falchion {slice}
 59417 | Elf:3    | Identified the cursed +1 falchion of Conscience {slice, +Fly rC++ Dex+2 Stlth-} (You took it off a deep elf elementalist on level 3 of the Elven Halls)
 59621 | Elf:3    | Identified the Tome of the Owl
 59634 | Elf:3    | Learned a level 6 spell: Darkness
 59715 | Elf:3    | Learned a level 3 spell: Regeneration
 60211 | Depths:3 | Found a one-way gate leading to the halls of Pandemonium.
 60574 | Depths:3 | Noticed Frederick
 60581 | Depths:3 | Killed Frederick
 60645 | Depths:3 | Killed Jory
 60645 | Depths:3 | Reached skill level 5 in Necromancy
 61253 | Depths:3 | Found a runed door.
 61258 | Depths:3 | Killed a caustic shrike
 61258 | Depths:3 | Reached skill level 5 in Summonings
 61258 | Depths:3 | Killed a juggernaut
 61705 | Depths:3 | Got a polished plate armour
 61885 | Depths:4 | Reached XP level 24. HP: 195/195 MP: 40/44
 61932 | Depths:4 | Learned a level 6 spell: Shadow Creatures
 62258 | Depths:4 | Gained mutation: You are dopey. (Int -2) [a shining eye]
 62940 | Depths:4 | Reached skill level 10 in Summonings
 62971 | Depths:4 | Found the amulet of the Four Winds {rN+ MR+++ Clar}
 63025 | Depths:4 | Identified the cursed +0 plate armour of Limited Liability {Int+8} (You found it on level 3 of the Depths)
 64024 | Depths:4 | Found a gateway to a ziggurat.
 64706 | Depths:5 | Entered Level 5 of the Depths
 64745 | Depths:5 | Found Zuisen's Changing Room.
 64795 | Depths:5 | Noticed Boris
 64800 | Depths:5 | Noticed Sojobo
 64947 | Depths:5 | Found Zeton's Distillery.
 65016 | Depths:5 | Found Naoreupemp's Food Shop.
 65017 | Depths:5 | Found Ujafax's Armour Boutique.
 65019 | Depths:5 | Found Onouhaq's General Store.
 65033 | Depths:5 | Bought a scroll of identify for 50 gold pieces
 65033 | Depths:5 | Bought a scroll of teleportation for 75 gold pieces
 65033 | Depths:5 | Identified the amulet "Deader" {Faith +Blink Dex+5} (You took it off a deep elf death mage on level 3 of the Elven Halls)
 65041 | Depths:5 | Bought a potion of might for 100 gold pieces
 65041 | Depths:5 | Bought a potion of agility for 100 gold pieces
 65041 | Depths:5 | Bought a potion of curing for 75 gold pieces
 65041 | Depths:5 | Bought a potion of resistance for 250 gold pieces
 65047 | Depths:5 | Bought a scroll of acquirement for 1300 gold pieces
 65050 | Depths:5 | Found the +8 orange crystal plate armour {Archmagi, Int+3 Clar}
 65186 | Depths:5 | Found a gate to the Realm of Zot.
 65558 | Depths:5 | Learned a level 4 spell: Animate Dead
 65591 | Depths:5 | Got a dazzling ring mail
 66156 | Vaults:5 | Entered Level 5 of the Vaults
 66191 | Vaults:5 | Noticed an ancient lich
 66256 | Vaults:5 | Killed an ancient lich
 66374 | Vaults:4 | Identified the +3 ring mail of the Republic {Dex+2} (You found it on level 5 of the Depths)
 67209 | Vaults:5 | Got a translucent scimitar
 67210 | Vaults:5 | Identified the +1 scimitar of Lirahen {pain, *Rage rElec rF+ Stlth+} (You found it on level 5 of the Vaults)
 67444 | Vaults:5 | Got a transparent flail
 67617 | Vaults:5 | Reached XP level 25. HP: 160/207 MP: 15/44
 68026 | Vaults:5 | Got a silver rune of Zot
 68626 | Vaults:5 | Got a scintillating silver ring
 68734 | Vaults:5 | Identified the ring "Vyexihel" {rElec Str+2 Dex+2 SInv} (You took it off a vault warden on level 5 of the Vaults)
 69019 | Vaults:5 | Got a warped falchion
 69022 | Vaults:5 | Identified the +5 falchion of Ravage {venom, rPois rC+ Str+4 SInv} (You found it on level 5 of the Vaults)
 69710 | Zot:1    | Entered Level 1 of the Realm of Zot
 69988 | Zot:1    | Reached skill level 15 in Short Blades
 70620 | Zot:1    | Reached skill level 10 in Necromancy
 72581 | Zot:3    | Learned a level 7 spell: Haunt
 72609 | Zot:3    | Reached XP level 26. HP: 215/215 MP: 39/44
 73407 | Zot:4    | Reached skill level 10 in Armour
 74251 | Zot:4    | Reached skill level 15 in Necromancy
 74850 | Zot:5    | Entered Level 5 of the Realm of Zot
 75090 | Zot:5    | Noticed an orb of fire
 75091 | Zot:5    | Gained mutation: Potions are less effective at restoring your health. [an orb of fire]
 75093 | Zot:5    | Gained mutation: Potions are poor at restoring your health. [an orb of fire]
 75121 | Zot:5    | Killed an orb of fire
 75412 | Zot:5    | Noticed an ancient lich
 75427 | Zot:5    | Killed an ancient lich
 75444 | Zot:5    | Noticed an ancient lich
 75497 | Zot:5    | Killed an ancient lich
 75768 | Zot:5    | Noticed an ancient lich
 75797 | Zot:5    | Killed an ancient lich
 75813 | Zot:5    | Paralysed by a Zot trap for 4 turns
 76187 | Zot:5    | Noticed an ancient lich
 76199 | Zot:5    | Noticed an ancient lich
 76201 | Zot:5    | Killed an ancient lich
 76206 | Zot:5    | Noticed an ancient lich
 76206 | Zot:5    | Killed an ancient lich
 76368 | Zot:5    | Noticed an ancient lich
 76374 | Zot:5    | Killed an ancient lich
 76382 | Zot:5    | Killed an ancient lich
 76721 | Zot:5    | Noticed an orb of fire
 77061 | Zot:5    | Reached XP level 27. HP: 221/221 MP: 41/44
 77068 | Zot:5    | Noticed an orb of fire
 77093 | Zot:5    | Killed an orb of fire
 77301 | Zot:5    | Noticed an ancient lich
 77319 | Zot:5    | Killed an ancient lich
 77440 | Zot:5    | HP: 11/221 [Orb Guardian (12)]
 77444 | Zot:5    | Noticed an ancient lich
 77458 | Zot:5    | Noticed an orb of fire
 78198 | Slime:1  | Entered Level 1 of the Pits of Slime
 78534 | Slime:2  | Gained mutation: You are weak. (Str -2) [a shining eye]
 79200 | Slime:1  | Gained mutation: You are occasionally teleported next to monsters. [a shining eye]
 79208 | Slime:1  | Gained mutation: Armour fits poorly on your strangely shaped body. [a shining eye]
 79702 | Slime:3  | Lost mutation: You are dopey. (Int -2) [potion of mutation]
 79702 | Slime:3  | Lost mutation: Potions are poor at restoring your health. [potion of mutation]
 79702 | Slime:3  | Lost mutation: Armour fits poorly on your strangely shaped body. [potion of mutation]
 79702 | Slime:3  | Gained mutation: You are very weak. (Str -4) [potion of mutation]
 79702 | Slime:3  | Gained mutation: You are resistant to hostile enchantments. (MR+) [potion of mutation]
 79703 | Slime:3  | Lost mutation: You are very weak. (Str -4) [potion of mutation]
 79703 | Slime:3  | Gained mutation: You have a pair of small horns on your head. [potion of mutation]
 79704 | Slime:3  | Lost mutation: You are occasionally teleported next to monsters. [potion of mutation]
 79704 | Slime:3  | Lost mutation: Your spells are a little easier to cast, but a little less powerful. [potion of mutation]
 79704 | Slime:3  | Gained mutation: You evolve. [potion of mutation]
 79704 | Slime:3  | Gained mutation: You are agile. (Dex +2) [potion of mutation]
 79939 | Slime:5  | Entered Level 5 of the Pits of Slime
 80125 | Slime:5  | Found a viscous altar of Jiyva.
 80125 | Slime:5  | Noticed the Royal Jelly
 80673 | Depths:5 | Killed from afar by Sojobo

Skill      XL: |  1  2  3  4  5  6  7  8  9 10 11 12 13 14 15 16 17 18 19 20 21 22 23 24 25 26 27 |
---------------+----------------------------------------------------------------------------------+-----
Hexes          | 5 7 8 10 11 12 15 17 18 19 20 21 23 24 | 24.0
Spellcasting   | 3 4 7 8 10 11 12 14 16 17 18 | 18.0
Ice Magic      | 1 2 |  2.0
Stealth        | 5 8 9 13 14 16 | 16.0
Fighting       | 2 3 5 6 7 9 10 12 13 14 17 19 | 19.2
Short Blades   | 3 4 6 9 10 11 12 15 | 15.0
Dodging        | 4 5 6 9 11 14 17 | 17.0
Throwing       | 2 4 |  4.1
Evocations     | 2 5 |  5.0
Shields        | 5 6 |  6.2
Conjurations   | 1 2 3 |  3.1
Invocations    | 2 10 | 10.0
Armour         | 4 8 9 11 | 11.0
Summonings     | 3 7 13 | 13.0
Necromancy     | 6 14 18 19 | 19.1

Action                   |  1- 3 |  4- 6 |  7- 9 | 10-12 | 13-15 | 16-18 | 19-21 | 22-24 | 25-27 || total
-------------------------+-------+-------+-------+-------+-------+-------+-------+-------+-------++-------
Melee: Dagger            |    82 |    65 |   232 |   403 |   106 |       |       |       |       ||   888
       Bite              |     4 |     1 |    13 |    28 |    81 |   105 |   183 |   295 |   239 ||   949
       Short sword       |       |       |       |     4 |    11 |       |       |       |       ||    15
       Quick blade       |       |       |       |       |   784 |   908 |  1025 |  1673 |  1331 ||  5721
       Headbutt          |       |       |       |       |       |       |       |       |     2 ||     2
 Fire: Blowgun           |       |       |       |       |     6 |       |       |       |       ||     6
Throw: Stone             |       |     4 |       |       |       |       |       |       |       ||     4
       Javelin           |       |       |     6 |     8 |    13 |    11 |     1 |     7 |     6 ||    52
       Throwing net      |       |       |     2 |     2 |     5 |     2 |     5 |     3 |       ||    19
 Cast: Corona            |     6 |       |       |       |       |       |       |       |       ||     6
       Ensorcelled Hiber |    39 |    49 |    70 |   143 |   264 |   219 |   100 |    38 |    16 ||   938
       Confuse           |       |     3 |    22 |    25 |    55 |    47 |   118 |   121 |   108 ||   499
       Tukima's Dance    |       |     6 |    23 |    30 |    48 |    96 |    44 |    23 |    11 ||   281
       Dazzling Spray    |       |       |     3 |    12 |   104 |   176 |   221 |    98 |    78 ||   692
       Invisibility      |       |       |       |       |     4 |    23 |     7 |    21 |    11 ||    66
       Metabolic Englaci |       |       |       |       |       |     1 |       |     2 |       ||     3
       Summon Mana Viper |       |       |       |       |       |       |    39 |   103 |    82 ||   224
       Discord           |       |       |       |       |       |       |       |     9 |     1 ||    10
       Darkness          |       |       |       |       |       |       |       |    20 |    35 ||    55
       Regeneration      |       |       |       |       |       |       |       |    15 |     6 ||    21
       Shadow Creatures  |       |       |       |       |       |       |       |    35 |    66 ||   101
       Animate Dead      |       |       |       |       |       |       |       |     6 |    19 ||    25
       Haunt             |       |       |       |       |       |       |       |       |     6 ||     6
Invok: Shadow Step       |       |       |       |       |     1 |     5 |     9 |     6 |    10 ||    31
       Shadow Form       |       |       |       |       |       |       |       |       |     2 ||     2
 Abil: End Transformatio |       |       |       |       |     4 |       |       |       |       ||     4
       Bat Form          |       |       |       |       |     4 |       |       |       |       ||     4
Evoke: Wand              |       |       |     4 |    15 |    66 |    11 |     3 |     8 |     7 ||   114
       Sack of spiders   |       |       |       |       |     4 |       |       |     1 |       ||     5
       Box of beasts     |       |       |       |       |       |     1 |       |     3 |     1 ||     5
       Phantom mirror    |       |       |       |       |       |     1 |       |     2 |       ||     3
  Use: Scroll            |     5 |     9 |     3 |     9 |    23 |     8 |    20 |    18 |    18 ||   113
       Potion            |       |       |     1 |     3 |    18 |    21 |     3 |     8 |    14 ||    68
 Stab: Sleeping          |    36 |    30 |    55 |   132 |   206 |   151 |   150 |   112 |    64 ||   936
       Distracted        |     1 |       |     1 |       |    11 |    12 |    19 |    40 |    35 ||   119
       Confused          |       |     1 |    11 |    17 |    39 |    29 |    95 |    68 |    94 ||   354
       Paralysed         |       |       |     2 |       |     3 |       |       |       |       ||     5
       Invisible         |       |       |     1 |    16 |    56 |   138 |    61 |   133 |   111 ||   516
       Held in net/web   |       |       |     1 |     2 |     8 |     1 |     4 |     5 |     1 ||    22
  Eat: Corpse            |    15 |     8 |    21 |    29 |    50 |    37 |    36 |    49 |    34 ||   279
Armor: Robe              |    10 |     4 |    16 |    12 |       |       |       |       |       ||    42
       Acid dragon scale |       |       |       |     7 |    60 |     2 |    14 |       |    11 ||    94
       Skin              |       |       |       |       |    41 |    44 |       |       |       ||    85
       Swamp dragon scal |       |       |       |       |       |   116 |    48 |       |       ||   164
       Quicksilver drago |       |       |       |       |       |       |    32 |   228 |   177 ||   437
Dodge: Dodged            |    52 |    31 |    97 |   195 |   489 |   606 |   681 |   802 |   528 ||  3481
Block: Buckler           |       |       |       |    15 |   178 |   212 |   311 |   352 |   275 ||  1343
